 Dungeon Crawl Stone Soup version 0.22.1-1-ga44c0e56f4 (webtiles) character file.

98 Reeggar the Skirmisher (level 4, -2/37 HPs)
             Began as a Demonspawn Abyssal Knight on Oct 19, 2018.
             Was a Believer of Lugonu.
             Shot with an arrow by a centaur (4 damage)
             ... on level 3 of the Dungeon.
             The game lasted 00:13:34 (2728 turns).

Reeggar the Skirmisher (Demonspawn Abyssal Knight)  Turns: 2728, Time: 00:13:34

Health: -2/37      AC:  8    Str: 13    XL:     4   Next: 44%
Magic:  6/6        EV:  6    Int: 13    God:    Lugonu [**....]
Gold:   106        SH:  0    Dex: 13    Spells: 3/3 levels left

rFire    . . .     SeeInvis .   a - +1 falchion
rCold    . . .     Gourm    .   (no shield)
rNeg     . . .     Faith    .   g - +0 chain mail
rPois    .         Spirit   .   (no helmet)
rElec    .         Reflect  .   (no cloak)
rCorr    .         Harm     .   (no gloves)
MR       .....                  (no boots)
Stlth    ..........             (no amulet)
HPRegen  0.12/turn              (no ring)
MPRegen  0.10/turn              (no ring)

@: no status effects
A: claws 1, hooves 1
a: Depart the Abyss, Bend Space, Renounce Religion


You were on level 3 of the Dungeon.
You worshipped Lugonu.
Lugonu was pleased with you.
You were not hungry.

You visited 1 branch of the dungeon, and saw 3 of its levels.
You visited the Abyss 1 time.

You collected 106 gold pieces.

Inventory:

Hand Weapons
 a - a +1 falchion (weapon)
 d - a +2 vampiric dagger
 k - a +0 dagger
 o - a cursed -1 short sword
 p - a +0 mace
Missiles
 e - 24 sling bullets
Armour
 b - a +0 leather armour
 g - a +0 chain mail (worn)
 m - a +0 robe
 n - a +0 scale mail
Scrolls
 h - a scroll of enchant armour
 i - a scroll of teleportation
 l - 3 scrolls of remove curse
 q - a scroll of fog
Comestibles
 c - 3 rations
 f - 2 chunks of flesh


   Skills:
 + Level 3.7 Fighting
 + Level 2.7 Long Blades
 + Level 2.6 Armour
 + Level 1.0 Dodging
 + Level 1.0 Unarmed Combat
 * Level 2.7 Invocations


You had 3 spell levels left.
You didn't know any spells.
Your spell library was empty.

Dungeon Overview and Level Annotations

Branches:
Dungeon (3/15)

Altars:


Innate Abilities, Weirdness & Mutations

You have sharp fingernails.
You have large cloven feet.


Message History

The worm bites you.
* * * LOW HITPOINT WARNING * * *
You hit the worm.
You kill the worm!
Lugonu accepts your kill.
Things that are here:
a stone; a worm corpse You butcher the worm corpse.
f - 2 chunks of flesh You see here a stone.
A goblin comes into view. It is wielding a club.
You see here a stone.
A centaur comes into view.
The centaur shouts!
The centaur wields a shortbow.
The centaur shoots an arrow.
The arrow hits you!
* * * LOW HITPOINT WARNING * * *
You see here an arrow.
The centaur shoots an arrow.
The arrow barely misses you.
The centaur shoots an arrow.
The arrow hits you.
You die...

............w...###.#
.......)....[.#.#...#
..........#####...#
########.((.....#
#)(.####<# #...#
#...# ###.# ###....
#.######......
#..(@......##.
######...#c# ###.# #


You could see a centaur.

Vanquished Creatures
  A hound (D:2)
  An adder (D:2)
  2 worms
  3 dart slugs
  A leopard gecko (D:2)
  A ball python (D:1)
  A giant cockroach (D:2)
  4 goblins
  7 hobgoblins
  7 jackals (D:1)
  6 kobolds
  7 bats
  A frilled lizard (D:2)
  3 rats
45 creatures vanquished.

Notes
Turn   | Place    | Note
-------+----------+-------------------------------------------
     0 | Abyss:1  | Reeggar the Demonspawn Abyssal Knight began the quest for
                  | the Orb.
     0 | Abyss:1  | Reached XP level 1. HP: 18/18 MP: 2/2
    23 | Abyss:1  | Found a corrupted altar of Lugonu.
    50 | D:1      | Escaped the Abyss
   254 | D:1      | Gained mutation: You have sharp fingernails. [demonic
                  | ancestry]
   254 | D:1      | Reached XP level 2. HP: 19/24 MP: 4/4
   907 | D:1      | Reached XP level 3. HP: 29/29 MP: 5/5
  1373 | D:2      | Reached ** piety under Lugonu
  1626 | D:2      | Reached skill level 1 in Dodging
  1704 | D:2      | Gained mutation: You have large cloven feet. [demonic
                  | ancestry]
  1704 | D:2      | Reached XP level 4. HP: 19/37 MP: 6/6
  1963 | D:2      | Reached skill level 1 in Unarmed Combat
  2727 | D:3      | Noticed a centaur
  2727 | D:3      | HP: 1/37 [centaur/arrow (9)]
  2728 | D:3      | Shot with an arrow by a centaur

Skill      XL: |  1  2  3  4 |
---------------+-------------+-----
Long Blades    | 2 |  2.7
Armour         | 2 |  2.6
Dodging        | 1 |  1.0
Unarmed Combat | 1 |  1.0
Fighting       | |  3.7
Invocations    | |  2.7

Action                   |  1- 3 |  4- 6 || total
-------------------------+-------+-------++-------
Melee: Falchion          |    78 |    29 ||   107
       Unarmed           |    58 |       ||    58
       Kick              |       |     9 ||     9
  Use: Scroll            |     4 |     2 ||     6
       Potion            |     1 |       ||     1
  Eat: Ration            |     1 |     1 ||     2
       Chunk             |       |     1 ||     1
Armor: Leather armour    |    16 |       ||    16
       Chain mail        |    81 |    22 ||   103
Dodge: Dodged            |    61 |    15 ||    76
       Rpst.: Falchion   |     9 |     6 ||    15
